[Event "ChessKid Cup Div-I 2023"]
[Site "Online"]
[Date "2023.05.22"]
[Round "1.3"]
[White "Firouzja, Alireza"]
[Black "Kollars, Dmitrij"]
[Result "0-1"]
[ECO "E01"]
[WhiteElo "2785"]
[BlackElo "2607"]
[Annotator "TA"]
[PlyCount "76"]
[EventDate "2023.05.21"]
[EventType "k.o."]
[EventCountry "NET"]
[SourceTitle "playchess.com"]
[Source "ChessBase"]
[SourceQuality "1"]
[TimeControl "900+3"]

1. d4 Nf6 2. c4 e6 3. g3 d5 4. Bg2 Bb4+ 5. Bd2 a5 6. a3 {[%emt 0:00:03] E01: Catalan: Early deviations.} Be7 7. Qc2 O-O 8. Nf3 {[%emt 0:00:01] The position is equal.} c6 {[%emt 0:00:05][%cal Bc7c6,Bc6c5][%mdl 32] [#]} 9. h4 $146 ({Predecessor:} 9. O-O b6 10. Bf4 Ba6 11. Nbd2 Nbd7 12. Rfd1 Rc8 13. b4 h6 14. h4 Nh5 15. e3 Nxf4 16. exf4 dxc4 17. Nxc4 axb4 18. axb4 {½-½ Grischuk,A (2745)-Karjakin,S (2747) Moscow Region Cup rapid 2022 (7)}) 9... Nbd7 10. Bf4 b6 11. Nbd2 Bb7 12. e4 dxe4 13. Ng5 c5 14. d5 exd5 (14... e3 {seems wilder.} 15. Bxe3 exd5 16. cxd5 Re8) 15. cxd5 Bxd5 (15... Nxd5 $11 {remains equal.} 16. Ndxe4 Nxf4 17. gxf4 f5 18. Nf6+ Nxf6 19. Bxb7 Ra7) 16. O-O-O $1 $16 Qc8 (16... Ra7 $16) 17. Ndxe4 $18 Bc6 {[%emt 0:01:09][%cal Oc5c4] [#]} 18. Kb1 (18. Bd6 $1 $16 Bxd6 19. Rxd6 Bxe4 20. Bxe4) 18... Ra7 (18... h6 $11) 19. Nxf6+ (19. Rxd7 $1 $14 Bxe4 20. Bxe4 Rxd7 21. Bxh7+ Kh8 22. Bf5) 19... Nxf6 $11 20. Bxc6 Qxc6 21. Be5 g6 $1 22. h5 {[%emt 0:00:01] aiming for hxg6.} Ng4 23. Nxh7 {[%emt 0:01:40][%mdl 8192] [#]} Nxe5 $2 (23... Rd8 $1 $19 {and Black stays clearly on top.} 24. Bc3 (24. Rxd8+ $2 Bxd8 25. Rd1 Nxe5 $19) 24... Rxd1+ 25. Rxd1 Kxh7) 24. Nxf8 $17 Bxf8 25. Rhe1 (25. f4 $17 Nf3 26. hxg6 Qxg6 27. f5) 25... Nf3 $19 26. Re3 Qf6 27. hxg6 Nd4 (27... fxg6 $17 {White must now prevent ...Nd4.} 28. Qc4+ Kg7) 28. gxf7+ $15 Rxf7 29. Qe4 Qxf2 30. g4 {[%emt 0:00:05] Inhibits Qf5.} Qf4 31. Qd3 a4 (31... Qxg4 $2 32. Rg3 $18) (31... Qf6 $17 32. Rh3 Qc6) 32. Rh1 $1 Qf6 {[%emt 0:00:47] Wards off Qg6+} (32... Qxg4 $2 33. Rg3 $18) 33. Reh3 Bg7 {[%emt 0:00:07] Threatens to win with ...Nf3.} 34. Re3 b5 (34... Qc6 $15 35. Qh7+ Kf8) 35. Qh7+ $1 $11 Kf8 {[%emt 0:00:01][%cal Og7h6] ...Bh6! would be deadly.} 36. Rhe1 Ne6 37. Qc2 Re7 (37... Nc7 $11 {and Black has nothing to worry.}) 38. Qd3 $4 (38. Qf5 $18) 38... Qxb2# {[%emt 0:00:02] Both players deserved the win here. Ingenious play by Kollars!   Weighted Error Value: White=0.42/Black=0.37} 0-1

[Event "ChessKid Cup Div-I 2023"]
[Site "Online"]
[Date "2023.05.22"]
[Round "1.3"]
[White "Nakamura, Hikaru"]
[Black "Van Foreest, Jorden"]
[Result "1/2-1/2"]
[ECO "A07"]
[WhiteElo "2775"]
[BlackElo "2689"]
[Annotator "TA"]
[PlyCount "25"]
[EventDate "2023.05.21"]
[EventType "k.o."]
[EventCountry "NET"]
[SourceTitle "playchess.com"]
[Source "ChessBase"]
[SourceQuality "1"]
[TimeControl "900+3"]

1. Nf3 d5 2. g3 g6 3. Bg2 Bg7 4. O-O e5 5. d3 Nc6 6. e4 dxe4 {[%emt 0:00:04] A07: Réti Opening: New York and Capablanca Systems.} 7. dxe4 Qxd1 8. Rxd1 Bg4 {[%emt 0:00:01] The position is equal.} 9. c3 {[%emt 0:00:30] Repels Nd4} f6 {[%emt 0:00:02] [#]} 10. b4 $146 ({Predecessor:} 10. Na3 Bd7 11. Nc4 Nh6 12. Be3 Nf7 13. b4 O-O-O 14. a4 Be6 15. Rxd8+ Rxd8 16. Bf1 {½-½ Bosiocic,M (2548)-Van Foreest,J (2694) Bundesliga 2223 2022 (11.2)}) 10... Bh6 11. Bb2 Nge7 12. Nbd2 O-O-O 13. Nb3 {[%emt 0:01:08] Weighted Error Value: White=0.16 (very precise) /Black=0.03 (flawless)} 1/2-1/2

[Event "ChessKid Cup Div-I 2023"]
[Site "Online"]
[Date "2023.05.22"]
[Round "1.3"]
[White "Caruana, Fabiano"]
[Black "Shimanov, Aleksandr"]
[Result "1-0"]
[ECO "C18"]
[WhiteElo "2764"]
[BlackElo "2581"]
[Annotator "TA"]
[PlyCount "71"]
[EventDate "2023.05.21"]
[EventType "k.o."]
[EventCountry "NET"]
[SourceTitle "playchess.com"]
[Source "ChessBase"]
[SourceQuality "1"]
[TimeControl "900+3"]

1. e4 e6 2. d4 d5 3. Nc3 Bb4 4. e5 c5 5. a3 Ba5 6. dxc5 Bxc3+ $1 7. bxc3 {[%emt 0:00:02] C18: French: 3 Nc3 Bb4: Main line: 7 h4 and 7 Qg4.} Qc7 8. Nf3 $1 Nd7 {[%emt 0:00:19][%cal Bb8d7,Bd7c5,Bc5a4][%mdl 32] Black is weak on the dark squares} 9. Bf4 $5 {[%emt 0:01:11][%mdl 4] A promising side line.} (9. c4 $11 {was preferrable.}) 9... Ne7 10. Bd3 Nxc5 11. O-O Bd7 {[%emt 0:01:04] [#]} 12. Re1 $146 ({Predecessor:} 12. Nd4 Nxd3 13. Qxd3 Rc8 14. Rab1 a6 15. Rfe1 Qxc3 16. Qxc3 Rxc3 17. Rxb7 Rc4 18. Be3 Nc6 19. Nxc6 Rxc6 20. Rc1 Bc8 {½-½ Gallagher,J (2550)-Kelecevic,N (2320) SUI-chT Switzerland 2006 (1.5)}) 12... Ng6 {[%emt 0:02:07] Excellent horsemanship.} 13. Bd2 Na4 14. Ng5 Bc6 (14... Nxe5 $2 15. Bf4 f6 16. Qh5+ (16. Nxh7 O-O-O $11) 16... g6 17. Bxg6+ Ke7 18. Bf5 $18 (18. Nxh7 Qxc3 19. Bxe5 fxe5 $18) (18. Bxh7 Raf8 $18) (18. Bxe5 fxe5 19. Nxh7 Qxc3 $18)) (14... Nxc3 $2 15. Qf3 O-O 16. Bxg6 fxg6 17. Qxc3 $18) 15. Qg4 Nc5 16. h4 h5 17. Qb4 (17. Qh3 $14 {deserves consideration.} Nxd3 18. cxd3) 17... Nxd3 $1 $11 18. cxd3 Ne7 19. Nf3 Nf5 20. Bg5 Qb6 21. Qf4 Qa6 22. Red1 Bb5 (22... Ba4 $11 {keeps the balance.} 23. Rd2 Bc6) 23. Nd4 (23. a4 {is interesting.} Bc6 24. Qb4 Qb6 25. Qa3) 23... Nxd4 24. Qxd4 {[%emt 0:00:00] Qc5 is the strong threat.} O-O 25. a4 $36 {[%emt 0:00:05][%mdl 2048] White is really pushing.} Bd7 26. Re1 {[%emt 0:00:38] White is more active.} (26. Qf4 $16) 26... Rfc8 ({Black should play} 26... Kh7 $14) 27. Re3 $1 $16 Qa5 {[%emt 0:00:07] [#]} (27... Kh7 $16) 28. Qf4 $1 $18 Qxc3 $2 (28... Rxc3 $2 29. Rg3 g6 30. Qf6 $18) (28... Bc6 {was called for.} 29. Rg3 (29. Rf3 Qc7 $18) 29... g6) 29. Rb1 Qc2 30. Rxb7 Qxa4 {[%emt 0:00:15] [#]} 31. d4 $1 (31. Qf3 d4 32. Re4 Rab8 33. Rxb8 Rxb8 34. Qxh5 Bc6 $11) 31... Rc1+ $2 (31... Rab8 32. Rf3 Qd1+ 33. Kh2 $16) (31... Rc4 32. Rd3 Qc6) 32. Kh2 {[%emt 0:00:03] Strongly threatening Rf3.} Rc4 33. Rf3 Rf8 {[%emt 0:00:02] [#]} 34. Rxd7 $1 Rxd4 (34... Qxd7 $2 35. Bf6 $18) 35. Qe3 Re4 36. Qxa7 {[%emt 0:00:15] Weighted Error Value: White=0.30/Black=0.36} ({Less strong is} 36. Rxa7 Rxe3 37. Rxa4 Rxe5 $18) 1-0

[Event "ChessKid Cup Div-I 2023"]
[Site "Online"]
[Date "2023.05.22"]
[Round "1.3"]
[White "Abdusattorov, Nodirbek"]
[Black "Moussard, Jules"]
[Result "1-0"]
[ECO "D27"]
[WhiteElo "2731"]
[BlackElo "2644"]
[Annotator "TA"]
[PlyCount "107"]
[EventDate "2023.05.21"]
[EventType "k.o."]
[EventCountry "NET"]
[SourceTitle "playchess.com"]
[Source "ChessBase"]
[SourceQuality "1"]
[TimeControl "900+3"]

1. d4 Nf6 2. c4 e6 3. Nf3 d5 4. Nc3 c5 5. e3 dxc4 6. Bxc4 a6 7. a4 Nc6 8. O-O Be7 9. Qe2 cxd4 10. Rd1 e5 11. exd4 exd4 12. Nxd4 Nxd4 13. Qe5 Qd6 14. Qxd4 Qxd4 15. Rxd4 O-O 16. Bf4 {[%emt 0:00:13] D27: Queen's Gambit Accepted: Classical main line: 7 e4!? and 7 a4.} Bc5 17. Rd2 Bf5 (17... Bb4 $11) 18. Nd5 {[%emt 0:02:25] White is more active.} (18. Bd5 $14) 18... Ne4 $11 19. Re2 Rac8 {[%emt 0:00:40] [#]} 20. Bd3 $146 ({Predecessor:} 20. Ba2 Rfd8 21. Rae1 Be6 22. Rxe4 Bxd5 23. Bxd5 Rxd5 24. Re8+ Rxe8 25. Rxe8+ Bf8 26. Kf1 f6 27. Rb8 Rd7 28. Ke2 Kf7 29. b3 Bb4 30. Rc8 Ke6 {½-½ Koneru,H (2496)-Kosteniuk,A (2456) Corus-B Wijk aan Zee 2003 (4)}) 20... Ng3 {[%emt 0:00:13][%mdl 64] Discovered Attack} 21. Rd2 Bxd3 22. Rxd3 Ne2+ 23. Kf1 Nxf4 24. Nxf4 Rc6 25. Rd7 Rb8 26. Rc1 g6 (26... Rd6 $1 $11 27. Rd1 Rxd1+ 28. Rxd1 Kf8) 27. Nd3 $36 {[%emt 0:00:20][%mdl 2048] White has the initiative.} Bf8 28. Rxc6 bxc6 {[%emt 0:00:00][%mdl 4096] Endgame KRB-KRN} 29. Ke2 Bg7 30. Rc7 Bxb2 31. Rxc6 a5 32. Rc5 Bd4 33. Rxa5 Rb3 34. Rd5 Bf6 {[%emt 0:00:01] Wards off Rd8+} (34... Bc3 $14) 35. a5 $16 Ra3 36. Nb4 Kg7 37. g3 (37. Nc6 $16) 37... h5 {[%emt 0:00:01] [#]} (37... Bc3 $1 $11 {keeps the balance.} 38. Nc6 Kf6) 38. h4 ({Better is} 38. Nc6 $1 $16) 38... Bc3 $11 39. Nc6 Ra2+ 40. Kf1 Ra1+ 41. Kg2 Ra2 (41... Be1 $1 $11) 42. Kf1 (42. Rc5 $5 Be1 43. Kf1 $16) 42... Ra1+ 43. Ke2 Ra2+ 44. Kd1 Rxf2 $2 {[%emt 0:00:24][%mdl 8192] [#] Loses the game.} (44... Ra4 $11) 45. a6 $1 $18 {[%emt 0:00:05] White is clearly winning.} Ra2 46. a7 Ra6 47. Rd8 Be5 48. a8=Q ({Less strong is} 48. a8=B Bxg3 49. Bb7 Ra1+ 50. Ke2 Bxh4 $14) 48... Rxa8 49. Rxa8 Bxg3 50. Ra4 {[%emt 0:00:04] Hoping for Kd2.} f6 51. Ke2 g5 52. hxg5 fxg5 53. Nd4 {[%emt 0:00:01] aiming for Nf5+.} Kf6 {[%emt 0:00:11] Repels Nf5} 54. Ra6+ {[%emt 0:00:04] Weighted Error Value: White=0.25 (precise) /Black=0.20 (precise)} 1-0

[Event "ChessKid Cup Div-I 2023"]
[Site "Online"]
[Date "2023.05.22"]
[Round "1.4"]
[White "Van Foreest, Jorden"]
[Black "Nakamura, Hikaru"]
[Result "1-0"]
[ECO "E32"]
[WhiteElo "2689"]
[BlackElo "2775"]
[Annotator "TA"]
[PlyCount "179"]
[EventDate "2023.05.21"]
[EventType "k.o."]
[EventCountry "NET"]
[SourceTitle "playchess.com"]
[Source "ChessBase"]
[SourceQuality "1"]
[TimeControl "900+3"]

1. d4 Nf6 2. c4 e6 3. Nc3 Bb4 4. Qc2 O-O 5. e4 d5 6. e5 Ne4 7. Bd3 c5 8. a3 Bxc3+ 9. bxc3 cxd4 10. cxd4 Qa5+ 11. Kf1 Bd7 12. Ne2 f6 13. Bxe4 dxe4 14. exf6 Rxf6 15. Be3 Bc6 16. Ng3 Nd7 17. Kg1 Rg6 (17... Rc8 $11) 18. h4 $14 (18. Nxe4 $2 Qf5 19. d5 exd5 $19) 18... Rg4 19. h5 h6 20. Rh3 Nf6 21. Nf1 Rd8 22. Nh2 Rg5 (22... Ba4 $2 23. Qb2 $18) 23. d5 $1 Ba4 (23... exd5 $14 24. Bxg5 hxg5) 24. Qe2 ({Better is} 24. Qb2 Rxh5 25. Rxh5 (25. Qxb7 Rxh3 26. gxh3 exd5 $17) 25... Nxh5 26. Qe5 (26. Qxb7 exd5 27. cxd5 Nf6 $11) (26. dxe6 Bc6 $11)) 24... Re5 (24... exd5 $16 25. Bxg5 hxg5) 25. Bd4 (25. Ng4 $18 {is more deadly. Hoping for Nxf6+.} Nxg4 26. Qxg4 exd5 27. Bxh6) 25... Qc7 $16 26. Bxe5 Qxe5 27. Re1 $1 exd5 28. cxd5 (28. Ng4 $16 Nxg4 29. Qxg4) 28... Rxd5 29. Nf1 (29. Qc4 $5 Bc6 30. Rd3 $14) 29... Be8 30. Ng3 Bd7 31. Rh4 Qg5 32. Rh1 (32. Nxe4 $2 Qxh4 33. Nxf6+ Qxf6 $19) 32... Bc6 33. Nf1 (33. Nxe4 $2 Nxe4 34. Qe3 (34. Qxe4 $2 Re5 $19 {[%mdl 64] Pin, Skewer}) 34... Nf6 35. Qxg5 Rxg5 $19) (33. Qe3 $11 {keeps the balance.}) 33... Nxh5 ({Black should play} 33... Rd3 $1 $17) 34. Ne3 Nf4 35. Qg4 $1 Qxg4 36. Nxg4 Ra5 37. Rh4 Nd3 ({Reject} 37... Rxa3 $6 38. Nxh6+ gxh6 39. Rxf4 $11) 38. Ra1 Rf5 $2 (38... b5 $1 $17 {...b4 is the strong threat.} 39. Rh5 Ra4) 39. Rxh6 $1 $14 Rf4 40. Rg6 Bd7 41. Ne3 $1 Rxf2 {[%emt 0:00:02] [#]} 42. Rc1 (42. Rd6 $1 $14 Rf7 43. Rf1 Rxf1+ 44. Kxf1) 42... Bc6 (42... Ra2 $5 43. Rc7 Nf4 $11) 43. Rf1 Rxf1+ 44. Kxf1 Kf7 45. Rd6 Nf4 46. Kf2 Ne6 47. Nc4 Ke7 48. Rd1 Nf4 49. Ne5 e3+ (49... Bb5 $16 {is a better defense.}) 50. Kxe3 $18 Nxg2+ 51. Kd4 (51. Kf2 $18 {Strongly threatening Nxc6+.} Nh4 52. Nxc6+ bxc6 53. Rd4) 51... Kd6 52. Rf1 Be8 53. Rf8 Ba4 (53... Bb5 $16) 54. Rf7 Bc6 $2 (54... Ne3 $16 {is tougher.}) 55. Nc4+ $2 (55. Rxg7 Nh4 56. Nf7+ Kc7 57. Ne5+ Kd6 58. Nf7+ Kc7 $16) (55. Nxc6 $1 $18 {and the rest is easy.} Kxc6 56. Rxg7) 55... Ke6 $16 56. Rxg7 Nh4 57. Kc5 Bf3 (57... Nf5 $16 58. Rg6+ Ke7) 58. Ne3 Bc6 59. Nc2 (59. Rg8 $16) 59... Nf5 $14 60. Rh7 a6 $2 (60... Be4 $14) 61. Nb4 $18 Be4 62. Kb6 Nd6 63. Rh6+ (63. Rh3 $1 $16) 63... Ke5 $14 64. Kc5 Nf5 $2 {[%emt 0:00:05] [#]} (64... b6+ $1 $14 65. Kxb6 Nc4+ 66. Kc5 (66. Kxa6 Nxa3 67. Na2 Bd5 $16) 66... Nxa3 67. Nxa6 (67. Rxa6 Nc2 $16) 67... Nb1) 65. Rh5 (65. Rh3 $1 $18) 65... Bf3 (65... Kf4 $16 {keeps fighting.} 66. a4 Ke5) 66. Rg5 Kf6 (66... Be4 $16 67. Na2 Bc6) 67. Rg8 Ke6 68. Re8+ Ne7 69. Nd3 Be4 {[%emt 0:00:03] [#]} (69... Kd7 $142 70. Rh8 Kc7) 70. Nb2 $1 $18 Bc6 71. Rh8 Nf5 $2 (71... Nd5 {was worth a try.} 72. Nc4 Nf6) 72. Nc4 $18 Bf3 73. Na5 Bg2 74. Rh7 b5 $2 (74... Ne7 75. Rh2 Bf3) 75. Ra7 $18 Bf1 76. Rxa6+ Kd7 77. Nc6 Ng3 78. Ra7+ Ke6 79. Nd4+ Ke5 80. Nxb5 Ne4+ 81. Kb4 Kd5 82. a4 Nc5 83. Rh7 Nd3+ 84. Ka5 Nb2 85. Rh2 Nd3 86. Kb6 Ne5 87. Rh5 (87. Nc7+ $142 Ke4 88. a5) 87... Ke6 $18 88. Kc7 Kf6 89. Nd4 Bd3 90. a5 1-0

[Event "ChessKid Cup Div-I 2023"]
[Site "Online"]
[Date "2023.05.22"]
[Round "1.4"]
[White "Kollars, Dmitrij"]
[Black "Firouzja, Alireza"]
[Result "0-1"]
[ECO "B22"]
[WhiteElo "2607"]
[BlackElo "2785"]
[Annotator "TA"]
[PlyCount "96"]
[EventDate "2023.05.21"]
[EventType "k.o."]
[EventCountry "NET"]
[SourceTitle "playchess.com"]
[Source "ChessBase"]
[SourceQuality "1"]
[TimeControl "900+3"]

1. e4 c5 2. c3 Nf6 3. e5 Ng8 4. d4 cxd4 5. cxd4 d5 6. Nc3 {[%emt 0:00:18] B22: Sicilian: 2 c3.} Nc6 7. Be3 Nh6 8. Bd3 {[%emt 0:00:25] White is better.} Nf5 {[%emt 0:00:09] [#]} 9. Nf3 $146 ({Predecessor:} 9. Nge2 g6 10. Bxf5 gxf5 11. Nf4 e6 12. Nh5 Be7 13. O-O Rg8 14. Re1 b6 15. Rc1 {1-0 Raicevic,V-Cibulka,V Trencianske Teplice 1974 (6)}) 9... g6 10. O-O (10. Qb3 $16) 10... Bg7 11. Qb3 Nxe3 $1 12. fxe3 e6 13. e4 dxe4 14. Bxe4 (14. Nxe4 $5 O-O 15. Qc4 $11) 14... Nxd4 15. Qa4+ Nc6 $1 16. Bxc6+ bxc6 17. Qxc6+ Bd7 18. Qd6 Bf8 $36 {[%emt 0:00:33][%mdl 2048] Black is more active.} 19. Qd4 Bc6 $1 20. Qf4 {[%emt 0:00:29] Threatens to win with Nd4.} Qb6+ 21. Kh1 $1 ({Of course not} 21. Nd4 O-O-O 22. Nce2 Rxd4 23. Nxd4 Bc5 $17) 21... Be7 {[%emt 0:00:01] Against Qf6} (21... Qxb2 $2 22. Nd2 O-O-O 23. Qc4 $18) 22. Ng5 {[%emt 0:02:32] [#]} (22. Nd4 $11 {keeps the balance.} O-O 23. Nxc6 Qxc6 24. Ne4) 22... O-O $1 $17 {[%emt 0:00:49][%cal Oc6g2] Strongly threatening ...Bxg2+!} (22... Qxb2 $2 23. Qxf7+ Kd8 24. Rad1+ Kc8 25. Qxe6+ (25. Qxe7 $2 Qxg2#) 25... Kb7 26. Qxe7+ $18) 23. Nce4 {[%emt 0:00:03] White is on the road to losing.} (23. Nge4 $15) 23... Bxg5 $19 ({Stronger than} 23... Qxb2 24. Rab1 Qxa2 25. Ra1 $17) 24. Nxg5 Qxb2 25. Qg3 (25. Ne4 $142) 25... Rad8 26. Rab1 Qxa2 ({But not} 26... Qd2 $2 27. Rf2 $19) 27. Ra1 Qe2 28. Rae1 Qd2 {[%emt 0:00:07] White must now prevent ...Rd3.} 29. Nf3 Bxf3 30. Rxf3 a5 31. h4 Rd4 32. Kh2 h5 33. Ree3 Rg4 34. Qh3 (34. Qf2 $142 Qxf2 35. Rxf2) 34... Qd4 35. g3 Re4 36. Rxe4 Qxe4 {[%emt 0:00:01][%mdl 4096] Endgame KQR-KQR} 37. Qg2 Qxe5 38. Qf2 a4 39. Qa7 Qb2+ 40. Kh3 Qc1 41. Kh2 {[%emt 0:00:04] Prevents Qh1+} Qc2+ 42. Kh3 e5 43. Rf2 Qc6 {[%emt 0:00:04] ...Qh1+ is the strong threat.} 44. Kh2 e4 45. Ra2 Ra8 46. Qe3 Qc4 47. Qa3 {[%emt 0:00:02] [#]} e3 $1 48. Rg2 Re8 {[%emt 0:00:03] Weighted Error Value: White=0.55/Black=0.17 (very precise)} 0-1

[Event "ChessKid Cup Div-I 2023"]
[Site "Online"]
[Date "2023.05.22"]
[Round "1.5"]
[White "Kollars, Dmitrij"]
[Black "Firouzja, Alireza"]
[Result "1-0"]
[ECO "C67"]
[WhiteElo "2607"]
[BlackElo "2785"]
[Annotator "TA"]
[PlyCount "95"]
[EventDate "2023.05.21"]
[EventType "k.o."]
[EventCountry "NET"]
[SourceTitle "playchess.com"]
[Source "ChessBase"]
[SourceQuality "1"]
[TimeControl "900+3"]

1. e4 e5 2. Nf3 Nc6 3. Bb5 Nf6 4. O-O Nxe4 5. Re1 Nd6 6. Nxe5 Be7 7. Bf1 Nxe5 8. Rxe5 O-O 9. d4 Ne8 {[%emt 0:00:22] C67: Ruy Lopez: Berlin Defence: 4 0-0 Nxe4.} 10. d5 {[%emt 0:00:12] Black is weak on the light squares} Bc5 11. Be3 {[%emt 0:00:20] [#]} Bxe3 $146 {[%emt 0:00:23] The position is equal.} ({Predecessor:} 11... d6 12. Bxc5 dxc5 13. Nc3 Nd6 14. Qf3 Bd7 15. Rae1 Re8 16. Rxe8+ Bxe8 17. Ne4 b6 {½-½ Kovacevic,A (2495)-Sanal,V (2590) Belgrade Gligoric Trophy Gp-C rapid 2023 (5)}) 12. Rxe3 d6 13. Nc3 Nf6 14. Qd4 Bd7 15. Rae1 Re8 (15... Ng4 {seems wilder.} 16. Rg3 Ne5 17. f4 Qh4) 16. h3 a6 17. a4 h6 18. a5 Rxe3 19. Rxe3 c5 (19... Bf5 $11 {might be stronger.}) 20. dxc6 $1 $14 Bxc6 21. b4 Qd7 22. Ne2 {[%emt 0:01:11][%cal Bc3e2,Be2f4,Bf4h5][%mdl 32] White is more active.} Re8 23. Rxe8+ Nxe8 24. Nf4 Nc7 25. c4 d5 ({Don't take} 25... Ne6 26. Nxe6 Qxe6 27. Qb6 $18) 26. Nh5 (26. cxd5 {simplifies} Nxd5 27. Nxd5 Qxd5 28. Qxd5 Bxd5 29. f4) 26... Ne6 27. Qg4 {[%emt 0:00:04] Strongly threatening Nf6+.} Qe7 {[%emt 0:00:10] Prevents Nf6+} (27... Kh8 $11) 28. b5 $18 axb5 29. cxb5 Be8 30. a6 bxa6 31. bxa6 Bc6 32. f4 (32. Ng3 $18) 32... Qc5+ $16 33. Kh2 Qd4 {[%emt 0:00:14] [#]} (33... Qe3 $16 34. f5 Qe5+ 35. Qg3 Qxf5) 34. Qg3 $1 $18 {[%emt 0:00:18] Threatens to win with f5.} (34. f5 Qxg4 35. hxg4 Nc5 $16) 34... Qa1 $2 (34... Qd1 {might work better.}) 35. Bd3 {[%emt 0:00:30] Hoping for f5.} Nc5 36. f5 $2 (36. Be2 $18) 36... Nxd3 $1 $11 37. Qxd3 {[%emt 0:00:06][%mdl 4096] Endgame And now Qg3 would win. KQB-KQN} Kf8 $2 (37... Qe5+ $11 38. Qg3 f6) 38. Qg3 $18 {[%emt 0:00:30] Intending Qd6+ and mate.} Qxa6 39. f6 g5 {[%emt 0:00:40] [#]} 40. Qd6+ $1 ({Stronger than} 40. Qb8+ Be8 $11) 40... Kg8 41. Qb8+ Kh7 42. Qb1+ Kg8 {[%emt 0:00:05] aiming for ...Qb5.} 43. Qb8+ Kh7 44. Qf8 {[%emt 0:00:03][%csl Gf6,Gh5][%cal Rf8g7] White mates.} Kg6 45. Ng3 Kxf6 46. Qd6+ ({Weaker is} 46. Qxh6+ Ke7 $18) 46... Kg7 47. Nf5+ {[%emt 0:00:04][%mdl 64] Deflection, Double Attack} Kg8 48. Qf6 {[%emt 0:00:14] Weighted Error Value: White=0.37/Black=0.45} 1-0

[Event "ChessKid Cup Div-I 2023"]
[Site "Online"]
[Date "2023.05.23"]
[Round "2.1"]
[White "Caruana, Fabiano"]
[Black "Abdusattorov, Nodirbek"]
[Result "1/2-1/2"]
[ECO "D34"]
[WhiteElo "2764"]
[BlackElo "2731"]
[Annotator "TA"]
[PlyCount "94"]
[EventDate "2023.05.21"]
[EventType "k.o."]
[EventCountry "NET"]
[SourceTitle "playchess.com"]
[Source "ChessBase"]
[SourceQuality "1"]
[TimeControl "900+3"]

1. d4 d5 2. Nf3 Nf6 3. g3 c5 4. Bg2 e6 5. O-O Be7 6. dxc5 Bxc5 7. c4 O-O 8. cxd5 exd5 9. Nc3 Nc6 10. Na4 Be7 11. Be3 Bg4 12. Rc1 Re8 13. h3 Bh5 {[%emt 0:00:06] D34: Tarrasch Defence: 6 g3 Nf6 7 Bg2 Be7.} 14. Nd4 Qd7 15. Nxc6 bxc6 {[%emt 0:00:03] [#]} 16. Bd4 $146 ({Predecessor:} 16. Bc5 Bxe2 17. Qxe2 Bxc5 18. Nxc5 Rxe2 19. Nxd7 Nxd7 20. Rxc6 Nf6 21. Rfc1 Kf8 22. R6c2 Rxc2 23. Rxc2 {1-0 Meins,G (2439)-Fiebig,T (2401) Bundesliga 1415 2014 (7.8)}) 16... Bf8 17. Re1 Ne4 18. Nc5 Bxc5 19. Bxc5 Bg6 20. Qa4 h5 21. Bd4 {[%emt 0:00:09] A strong pair of Bishops.} Re6 22. h4 Bf5 {[%emt 0:00:11] Prevents Bh3} 23. Bf3 Bg4 (23... Qc7 $11 24. Be3 (24. Bxh5 $2 Nxg3 25. Bf3 Rg6 $19) 24... Rg6) 24. Bxg4 (24. Bxe4 $16 dxe4 25. b3) 24... hxg4 $11 25. Kg2 ({Better is} 25. Rc2 $11) 25... a6 (25... Qb7 $5 ) 26. f3 Nd2 27. Qc2 ({Of course not} 27. fxg4 Rae8 28. Qd1 (28. Qxa6 $2 c5 $19) 28... Nc4 $17) (27. Bf2 {simplifies} Rxe2 28. Qxg4 Qxg4 29. fxg4 Rae8 30. Rxe2 Rxe2 31. Re1) 27... Nc4 28. b3 $1 ({Don't play} 28. fxg4 Re4 29. b3 Rxd4 $17) 28... Ne3+ 29. Bxe3 Rxe3 30. Qxc6 gxf3+ 31. Kf2 $1 (31. exf3 $2 {too greedy.} Qxc6 32. Rxc6 Rxe1 $19) 31... Qxc6 32. Rxc6 {[%emt 0:00:01][%mdl 4096] Endgame KRR-KRR} Rae8 {[%emt 0:00:01] [#]} 33. Rc8 $1 {[%emt 0:00:12][%mdl 64] Deflection} Rxc8 34. Kxe3 {[%emt 0:00:01] KR-KR} Rc2 35. exf3 {[%emt 0:00:03] Re2 is the strong threat.} Rxa2 36. Rd1 Ra3 37. Rd3 a5 38. h5 Kh7 {[%emt 0:00:14] The position is equal.} 39. g4 g6 40. hxg6+ Kxg6 41. Kd4 a4 42. bxa4 Rxa4+ 43. Kxd5 f5 44. gxf5+ Kxf5 45. Rd4 Rxd4+ 46. Kxd4 Kf4 47. Kd3 Kxf3 {[%emt 0:00:00] Weighted Error Value: White=0.11 (very precise) /Black=0.10 (very precise)} 1/2-1/2